 Dungeon Crawl Stone Soup version 0.19.1-1-g22dce08 (webtiles) character file.

130 YsNightScale the Shooter (level 4, 0/30 HPs)
             Began as a High Elf Hunter on Jan 3, 2017.
             Was an Initiate of Trog.
             Slain by a gnoll
             ... wielding a +0 whip
              (7 damage)
             ... on level 3 of the Dungeon.
             The game lasted 00:50:44 (3869 turns).

YsNightScale the Shooter (High Elf Hunter)          Turns: 3869, Time: 00:50:44

Health: 0/30       AC:  8    Str: 11    XL:     4   Next: 89%
Magic:  5/5        EV: 10    Int: 15    God:    Trog [......]
Gold:   145        SH:  0    Dex: 16    Spells: 0 memorised, 3 levels left

rFire  . . .     SeeInvis .     u - +0 spear
rCold  . . .     Gourm    .     L - +0 scale mail
rNeg   . . .     Faith    .     (no shield)
rPois  .         Spirit   .     (no helmet)
rElec  .         Reflect  .     (no cloak)
rCorr  .         Harm     .     Y - +1 pair of gloves
MR     .....                    (no boots)
Stlth  +.........               (no amulet)
                                (no ring)
                                (no ring)

@: lethally poisoned (0 -> -2)
A: no striking features
a: Burn Spellbooks, Renounce Religion


You were on level 3 of the Dungeon.
You worshipped Trog.
Trog was noncommittal.
You were not hungry.

You visited 1 branch of the dungeon, and saw 4 of its levels.

You collected 145 gold pieces.

Inventory:

Hand Weapons
 a - a +1 shortbow
 b - a +0 short sword
 g - a +0 dagger
 h - a +0 hand axe
 n - a +0 mace
 q - a +0 dagger
 u - a +0 spear (weapon)
 F - a +0 dagger
 H - a +0 club
 I - a +0 hunting sling
 K - a +0 club
 O - a +0 hunting sling
 P - a +0 whip
 Q - a +0 spear
 R - a +0 dagger
 S - a +0 club
 U - a +0 rapier
 X - a +0 trident
Missiles
 d - 45 arrows
 i - 19 bolts
 o - 40 stones (quivered)
Armour
 c - a +0 leather armour
 j - a +0 robe
 x - a +0 ring mail
 z - a +0 pair of gloves
 L - a +0 scale mail (worn)
 Y - a +1 pair of gloves (worn)
Scrolls
 e - a scroll of identify {unknown}
 p - 2 scrolls of remove curse {unknown}
 s - a scroll of fear {unknown}
 y - a scroll of teleportation {unknown}
Potions
 l - a potion of mutation {unknown}
 m - a potion of curing {unknown}
 r - a potion of cure mutation {unknown}
 t - a potion of resistance {unknown}
 v - 2 potions of might {unknown}
 A - a potion of haste {unknown}
 B - a potion of brilliance {unknown}
 C - a potion of lignification {unknown}
 M - a potion of heal wounds {unknown}
 V - 2 potions of flight {unknown}
Comestibles
 f - a bread ration
 k - 7 fruits
 w - 4 chunks of flesh
 D - 2 meat rations


   Skills:
 + Level 2.9 Fighting
 + Level 6.0 Bows
 + Level 3.7 Dodging
 + Level 2.8 Stealth


You had 3 spell levels left.
You didn't know any spells.

Dungeon Overview and Level Annotations

Branches:
Dungeon (4/15)
 Temple: D:4-7

Altars:
Sif Muna
Trog


Message History

The adder is severely wounded.
You feel sick. The adder bites you but does no damage. The adder misses you.
You feel sick.
You feel sick.
There is a stone staircase leading up, spattered with blood here.
The gnoll barely misses you. The adder bites you but does no damage.
You climb upwards.
You feel sick.
You are no longer poisoned.
There is a stone staircase leading down, spattered with blood here.
You closely miss the gnoll. The adder barely misses you.
The gnoll hits you with a whip.
You miss the adder.
The adder is heavily wounded.
The adder bites you.
* * * LOW HITPOINT WARNING * * *
You are poisoned.
The adder poisons you! The gnoll closely misses you.
The adder barely misses you.
You feel sick. The gnoll hits you with a whip!
You die...

......................# #.#
......................# #.#
......................# #.#
.....###..............# #.#
.....###..............####.#
.......'...................#
.....###..............######
......##..............#
....#.##........@.....#
...............Sg.....#
....##.#..............#
######..###..########## ##.#
#..# #.###..# #..##..#
##.##..###############
###'##................#


You could see a gnoll and an adder.

Vanquished Creatures
  4 adders
  An adder skeleton (D:4)
  A worm (D:2)
  2 dart slugs (D:1)
  3 leopard geckos
  2 giant cockroaches (D:2)
  14 goblins
  12 hobgoblins
  9 jackals
  5 kobolds
  A quokka (D:3)
  A ball python skeleton (D:4)
  9 bats
  A frilled lizard (D:1)
  9 rats
74 creatures vanquished.

Notes
Turn   | Place    | Note
-------+----------+-------------------------------------------
     0 | D:1      | YsNightScale the High Elf Hunter began the quest for the Orb.
     0 | D:1      | Reached XP level 1. HP: 14/14 MP: 2/2
   253 | D:1      | Reached XP level 2. HP: 13/20 MP: 3/3
   978 | D:1      | Reached XP level 3. HP: 7/25 MP: 4/4
  2007 | D:2      | Reached XP level 4. HP: 17/30 MP: 5/5
  2311 | D:2      | Found a deep blue altar of Sif Muna.
  2411 | D:2      | Noticed a moth of wrath
  2415 | D:2      | Found a bloodstained altar of Trog.
  2476 | D:2      | Became a worshipper of Trog the Wrathful
  3271 | D:3      | Reached skill level 6 in Bows
  3869 | D:3      | Slain by a gnoll

Skill      XL: |  1  2  3  4 |
---------------+-------------+-----
Stealth        | 2 |  2.8
Dodging        | 3 |  3.7
Bows           | 6 |  6.0
Fighting       | |  2.9

Action                   |  1- 3 |  4- 6 || total
-------------------------+-------+-------++-------
Melee: Short sword       |    31 |     8 ||    39
       Rapier            |       |    67 ||    67
       Spear             |       |     9 ||     9
 Fire: Shortbow          |   104 |    30 ||   134
Throw: Stone             |       |     1 ||     1
Invok: Burn Spellbooks   |       |     1 ||     1
  Eat: Chunk             |     2 |     2 ||     4
       Fruit             |     1 |       ||     1
       Bread ration      |       |     1 ||     1
Armor: Leather armour    |     2 |       ||     2
       Robe              |     9 |       ||     9
       Ring mail         |     5 |       ||     5
       Scale mail        |       |    57 ||    57
Dodge: Dodged            |    45 |    89 ||   134
